 Dungeon Crawl Stone Soup version 0.26.1-11-gd32895ea62 (webtiles) character file.

Game seed: 10053392617782372042

1522 Almogavar the Thaumaturge (level 8, 0/41 HPs)
             Began as a Deep Elf Conjurer on May 6, 2021.
             Killed from afar by Dowan (7 damage)
             ... with a puff of flame
             ... on level 5 of the Dungeon.
             The game lasted 00:20:41 (5278 turns).

Almogavar the Thaumaturge (Deep Elf Conjurer)       Turns: 5278, Time: 00:20:41

Health: 0/41       AC:  9    Str:  4    XL:     8   Next: 54%
Magic:  15/23      EV: 14    Int: 26    God:
Gold:   220        SH:  0    Dex: 19    Spells: 23/26 levels left

rFire    . . .     SeeInvis +   d - +0 dagger
rCold    . . .     Faith    .   (no shield)
rNeg     . . .     Spirit   .   v - +5 robe of Night {Dark Will+ SInv}
rPois    .         Reflect  .   l - +1 helmet (curse)
rElec    .         Harm     .   (no cloak)
rCorr    .         Rampage  .   (no gloves)
Will     +....     Rnd*Tele +   (no boots)
Stlth    +++.......             m - amulet of magic regeneration
HPRegen  0.13/turn              f - +6 ring of dexterity
MPRegen  0.43/turn              n - ring of teleportation (curse)

@: no status effects
A: no striking features
a: no special abilities


You were on level 5 of the Dungeon.
You visited 2 branches of the dungeon, and saw 6 of its levels.
You also visited: Sewer.

You collected 220 gold pieces.

Inventory:

Hand Weapons
 d - a +0 dagger (weapon)
Armour
 a - a +0 robe
 l - a cursed +1 helmet (worn)
 o - a +0 scale mail
 r - a +0 leather armour
 v - the +5 robe of Night (worn) {Dark Will+ SInv}
   (You found it on level 4 of the Dungeon)

   It affects your willpower, your defense against some magical effects.
   It lets you see invisible.
Jewellery
 f - a +6 ring of dexterity (left hand)
 j - an uncursed ring of willpower
 k - an uncursed ring of see invisible
 m - an amulet of magic regeneration (around neck)
 n - a cursed ring of teleportation (right hand)
Wands
 i - a wand of polymorph (6)
 p - a wand of iceblast (9)
Scrolls
 b - a scroll of identify
 g - 2 scrolls of amnesia
 t - 2 scrolls of teleportation
Potions
 c - 3 potions of might
 e - 2 potions of ambrosia
 h - 3 potions of curing
 q - 3 potions of heal wounds
 s - 4 potions of lignification
 w - a potion of attraction {unknown}
 x - a potion of invisibility {unknown}


   Skills:
 + Level 1.2 Short Blades
 + Level 3.1 Dodging
 + Level 4.5 Stealth
 + Level 9.8 Spellcasting
 + Level 8.8 Conjurations


You had 23 spell levels left.
You knew the following spells:

 Your Spells              Type           Power        Failure   Level
a - Magic Dart            Conj           100%         1%          1
b - Searing Ray           Conj           100%         1%          2

Your spell library contained the following spells:

 Spells                   Type           Power        Failure   Level
 Dazzling Flash           Conj/Hex       70%          2%          3
 Fulminant Prism          Conj/Hex       17%          8%          4
 Iskenderun's Mystic Bla  Conj/Tloc      35%          8%          4


Dungeon Overview and Level Annotations

Branches:
Dungeon (5/15)             Temple (1/1) D:4           Sewer (visited)

Altars:
Ashenzari
Elyvilon
Gozag
Kikubaaqudgha
Makhleb
Nemelex Xobeh
Okawaru
Ru
Uskayaw
Vehumet
Wu Jian
Yredelemnul

Annotations:
D:5 Dowan


Message History

Press: ? - help, Shift-Dir - straight line, f - Dowan
Aim: Dowan, wielding a +0 dagger, wearing a +0 robe and carrying a wand of flame (3) (fast, 0% to evade)
The magic dart hits Dowan.
Dowan is lightly wounded.
Casting: Magic Dart (safe; 1% risk of failure)
Confirm with . or Enter, or press ? or * to list all spells.
Aiming: Searing Ray (safe; 1% risk of failure)
Press: ? - help, Shift-Dir - straight line, f/p - Dowan
Aim: Dowan, wielding a +0 dagger, wearing a +0 robe and carrying a wand of flame (3) (lightly wounded, fast, 24% to evade)
The searing ray hits Dowan!
Dowan is severely wounded. (Press . to maintain the ray.) Dowan zaps a wand.
The puff of flame hits you.
The searing ray misses Dowan.
Dowan gestures at you while chanting. The shard of ice hits you!
* * * LOW HITPOINT WARNING * * *
Unknown command.
The searing ray misses Dowan.
Dowan zaps a wand.
The puff of flame hits you!
You die...

#####.## #...†#..
#.###.## #....$. #. #....
#...... ##.##..#. #e.....
......... #......
.........
#.).......<.....##
.######@......#.........
........####..#.####.###
..###.#.# #..#.# #.# #
####.###.###..#.# ##.###
#...## ##...#.#.###.....
.#.##.###†###...#.#.....#
....##(#.## ##.###......#
......#...# ##.#.#......
..........# ##.##.....#


You could see Dowan (fast).

Vanquished Creatures
  Grinder (D:5)
  Sigmund (D:5)
  Edmund (D:4)
  A water moccasin (Sewer)
  Duvessa (D:5)
  A phantom (D:4)
  2 ogres (D:4)
  A howler monkey (D:4)
  A hound (D:5)
  2 orc priests
  5 orc wizards
  Ijyb (D:3)
  2 hound skeletons
  Robin (D:3)
  7 gnolls
  9 adders
  A shadow imp (D:5)
  An ufetubus (D:5)
  2 oozes (D:2)
  4 worms
  A dart slug (D:4)
  2 leopard geckos
  8 orcs
  A ball python (D:3)
  8 giant cockroaches
  12 goblins
  11 hobgoblins
  8 jackals
  5 quokkas
  A ball python zombie (D:5)
  7 bats
  4 frilled lizards
  6 kobolds
  8 rats
127 creatures vanquished.

Notes
Turn   | Place    | Note
-------+----------+-------------------------------------------
     0 | D:1      | Almogavar the Deep Elf Conjurer began the quest for the
                  | Orb.
     0 | D:1      | Reached XP level 1. HP: 10/10 MP: 6/6
   122 | D:1      | Reached XP level 2. HP: 15/15 MP: 1/8
   185 | D:1      | Learned a level 2 spell: Searing Ray
   657 | D:1      | Reached skill level 5 in Conjurations
   986 | D:2      | Reached XP level 3. HP: 19/19 MP: 6/9
  1575 | D:2      | Reached XP level 4. HP: 1/24 MP: 7/11
  1873 | D:2      | Found a hide-covered altar of Uskayaw.
  1945 | D:2      | Reached skill level 4 in Spellcasting
  2195 | D:2      | Found an ancient bone altar of Kikubaaqudgha.
  2608 | D:3      | Reached XP level 5. HP: 28/28 MP: 9/13
  2665 | D:3      | Noticed Ijyb
  2671 | D:3      | Killed Ijyb
  2672 | D:3      | Reached skill level 5 in Spellcasting
  2701 | D:3      | Noticed Robin
  2729 | D:3      | Killed Robin
  2921 | D:3      | Found a basalt altar of Yredelemnul.
  3132 | D:3      | Reached XP level 6. HP: 32/32 MP: 12/16
  3230 | D:3      | Reached skill level 6 in Spellcasting
  3684 | D:4      | Reached XP level 7. HP: 28/36 MP: 13/19
  3822 | D:4      | Noticed Edmund
  3834 | D:4      | Killed Edmund
  3835 | D:4      | Reached skill level 7 in Spellcasting
  3918 | D:4      | Found the +5 robe of Night {Dark Will+ SInv}
  3959 | D:4      | Reached skill level 8 in Spellcasting
  4021 | D:4      | Found a glowing drain.
  4028 | Sewer    | Entered a sewer
  4181 | Sewer    | Reached skill level 1 in Short Blades
  4492 | D:4      | Found a staircase to the Ecumenical Temple.
  4499 | Temple   | Entered the Ecumenical Temple
  4879 | D:5      | Entered Level 5 of the Dungeon
  4901 | D:5      | Noticed Sigmund
  4905 | D:5      | Reached XP level 8. HP: 41/41 MP: 16/22
  4909 | D:5      | Killed Sigmund
  4910 | D:5      | Reached skill level 9 in Spellcasting
  5256 | D:5      | Noticed Grinder
  5262 | D:5      | Killed Grinder
  5269 | D:5      | Noticed Duvessa
  5271 | D:5      | Noticed Dowan
  5274 | D:5      | Killed Duvessa
  5278 | D:5      | Killed from afar by Dowan

Illustrated notes

Levels and vault maps discovered:
D:1:      lightli_arrival_noodles, layout_basic, moated_statue
D:2:      layout_loops_corners, lemuel_coloured_pillars_altar,
          old_standard_altar
D:3:      layout_basic, lemuel_crystal_altar, uniq_robin, uniq_ijyb
D:4:      layout_cave_pools, minmay_temple_entry_tees, portal_sewer_entry_d,
          uniq_edmund
D:5:      layout_loops_ring, general_overflow_altar, cheibriados_altar_1,
          uniq_duvessa, uniq_sigmund, uniq_grinder
Temple:   dpeg_three_leaves_temple

Skill      XL: |  1  2  3  4  5  6  7  8 |
---------------+-------------------------+-----
Conjurations   | 5 6 7 8 |  8.8
Spellcasting   | 4 5 6 8 9 |  9.8
Stealth        | 3 4 |  4.5
Short Blades   | 1 |  1.2
Dodging        | 3 |  3.1

Action                   |  1- 3 |  4- 6 |  7- 9 || total
-------------------------+-------+-------+-------++-------
Melee: Dagger            |    11 |     3 |     5 ||    19
 Cast: Magic Dart        |    70 |   112 |    67 ||   249
       Searing Ray       |       |     8 |    14 ||    22
  Use: Scroll            |     5 |     3 |     3 ||    11
Armor: Robe              |     2 |       |     4 ||     6
Dodge: Dodged            |    10 |     5 |    12 ||    27
